 Dungeon Crawl Stone Soup version 0.31-a0-177-g4aa6249778 (webtiles) character file.

Game seed: 546360468461024411

357 qw the Chopper (level 6, -2/38 HPs)
             Began as a Gargoyle Fighter on June 18, 2023.
             Was an Initiate of Okawaru.
             Slain by an ogre
             ... wielding a +0 giant club
              (7 damage)
             ... on level 3 of the Dungeon.
             The game lasted 00:01:19 (2549 turns).

qw the Chopper (Gargoyle Fighter)                   Turns: 2549, Time: 00:01:19

Health: -2/38      AC: 12    Str: 21    XL:     6   Next: 64%
Magic:  6/6        EV:  9    Int:  9    God:    Okawaru [......]
Gold:   29         SH:  4    Dex:  9    Spells: 5/5 levels left

rFire   . . .        Y - +0 war axe
rCold   . . .        c - +0 buckler
rNeg    + . .        b - +0 scale mail
rPois   inf          e - +0 helmet
rElec   +            (no cloak)
rCorr   .            (no gloves)
SInv    .            (no boots)
Will    .....        (no amulet) Stlth
                     (no ring)
HPRegen 0.26/turn    (no ring)
MPRegen 0.10/turn

%: no passive effects
@: about to teleport
A: sickness immunity, AC +4, negative energy resistance 1, electricity
resistance, torment resistance 1, petrification resistance
a: Renounce Religion


You were on level 3 of the Dungeon.
You worshipped Okawaru.
Okawaru was noncommittal.
You visited 1 branch of the dungeon, and saw 4 of its levels.

You collected 128 gold pieces.
You spent 99 gold pieces at shops.


Innate Abilities, Weirdness & Mutations

You are immune to sickness and miasma.
Your stone body is resilient. (AC +4)
You are immune to poison.
You resist negative energy. (rN+)
You are resistant to electric shocks. (rElec)
You are resistant to unholy torment.
You are immune to petrification.


   Skills:
 - Level 4.3 Fighting
 + Level 5.6 Axes
 - Level 3.2 Armour
 - Level 1.0 Dodging
 - Level 3.2 Shields


You had 5 spell levels left.
You didn't know any spells.
Your spell library was empty.

Inventory:

Hand Weapons
 g - a +0 flail
 Y - a +0 war axe (weapon)
Armour
 b - a +0 scale mail (worn)
 c - a +0 buckler (worn)
 e - a +0 helmet (worn)
Scrolls
 f - 4 scrolls of identify
Potions
 a - a potion of magic
 d - a potion of might

Dungeon Overview and Level Annotations

Branches:
Dungeon (4/15)
 Temple: D:4-7

Altars:
Okawaru
Yredelemnul

Shops:
D:3 [[?


Message History

You hit the ogre. You hit the quokka but do no damage.
The quokka bites you but does no damage.
The black bear bites you.
The black bear claws you but does no damage. x2
The ogre hits you with a +0 giant club!!
Ouch! That really hurt!
The quokka bites you but does no damage.
2544 ||| STAIRDANCE The black bear closely misses you.
The black bear barely misses you. x2
The quokka barely misses you. The ogre barely misses you.
You climb upwards.
There is a stone staircase leading down here.
Enter note:
Enter note:
Enter note:
Enter note:
Enter note:
Enter note:
Enter note:
Enter note:
Enter note: You slash the black bear!
You kill the black bear!
Okawaru is honoured by your kill.
You hit the quokka. You hit the ogre.
The quokka bites you but does no damage.
The quokka misses you.
You hit the quokka.
You kill the quokka!
Okawaru accepts your kill.
You hit the ogre. The ogre hits you with a +0 giant club!
2548 ||| READING scroll of teleportation.
As you read the scroll of teleportation, it crumbles to dust.
You feel strangely unstable. The ogre completely misses you.
You barely miss the ogre.
The ogre is moderately wounded.
The ogre hits you with a +0 giant club!
You die...

...........#...#..##.# #####
.###.###.....#.#.....# .....#
#^###...###.### ##### ###..# #.#
#...# #.# #...# #..###.# #..##
#.# #.#.# #....#.# #..#
##.######.#.#### #..#...#
#..###.#.##....#....##
###..#.#.###.....###...#######...
.....#...#......@.#.##....#....##
.....)..##.#####O#.######.#.####
.....).....#####.#.# #.#.#
...................# #...#
.#.####.##.#####.### #####
.##.###.##.# #.##### ..##.##.##.#
#.....####
#.#.###.##.######.......# #..##
#.##........##.##.#


You could see an ogre.

Vanquished Creatures
  A black bear (D:3)
  An ice beast (D:3)
  An orc priest (D:3)
  Terence (D:3)
  4 adders
  A dart slug (D:2)
  2 worms
  5 orcs (D:3)
  2 ball pythons
  5 endoplasms
  3 giant cockroaches
  8 goblins
  3 hobgoblins
  8 quokkas
  5 bats
  8 frilled lizards
  8 kobolds
  5 rats
71 creatures vanquished.

Notes
Turn   | Place    | Note
-------+----------+-------------------------------------------
     0 | D:1      | qw the Gargoyle Fighter began the quest for the Orb.
     0 | D:1      | Reached XP level 1. HP: 14/14 MP: 1/1
     0 | D:1      | 0 ||| qw: Version: 0.3-a-5-g6f28e65
     0 | D:1      | 0 ||| qw: Game counter: 541
     0 | D:1      | 0 ||| qw: Always use a shield: true
     0 | D:1      | 0 ||| qw: God list: Okawaru
     0 | D:1      | 0 ||| qw: Allow faded altars: false
     0 | D:1      | 0 ||| qw: Do Orc after D:15 true
     0 | D:1      | 0 ||| qw: Do second Lair branch before Depths: true
     0 | D:1      | 0 ||| qw: Lair rune preference: random
     0 | D:1      | 0 ||| qw: Plans: Normal, Zot:1-4, Slime:5, God:TSO, Crypt,
                  | Tomb, Abyss, Pan, Hells, Win
     0 | D:1      | 0 ||| PLANNING D:1-11
   112 | D:1      | Reached skill level 2 in Axes
   218 | D:1      | Reached XP level 2. HP: 14/19 MP: 2/2
   408 | D:1      | 408 ||| DROPPING +0 club.
   473 | D:1      | 473 ||| Stepping ~*~*~tactically~*~*~ (stealth).
   482 | D:1      | Reached skill level 3 in Axes
   483 | D:1      | Found a faded altar of an unknown god.
   517 | D:1      | Reached XP level 3. HP: 23/23 MP: 3/3
   564 | D:1      | 564 ||| READING scroll labelled DISMYA EBLEMY.
   569 | D:1      | 569 ||| READING 2 scrolls labelled ZOGGELAANK.
   600 | D:2      | 600 ||| FLEEEEING.
  1117 | D:2      | 1117 ||| Stepping ~*~*~tactically~*~*~ (stealth).
  1119 | D:2      | 1119 ||| Stepping ~*~*~tactically~*~*~ (stealth).
  1153 | D:2      | Found a basalt altar of Yredelemnul.
  1295 | D:2      | 1295 ||| Stepping ~*~*~tactically~*~*~ (stealth).
  1309 | D:2      | Reached XP level 4. HP: 27/28 MP: 4/4
  1477 | D:3      | Noticed an ice beast
  1493 | D:3      | HP: 4/28 [ice beast (14)]
  1494 | D:3      | Killed an ice beast
  1495 | D:3      | Reached skill level 4 in Axes
  1495 | D:3      | Reached XP level 5. HP: 5/32 MP: 5/5
  1641 | D:3      | Reached skill level 5 in Axes
  1642 | D:3      | 1642 ||| Stepping ~*~*~tactically~*~*~ (hiding).
  1648 | D:3      | Noticed Terence
  1662 | D:3      | Killed Terence
  1755 | D:3      | HP: 7/33 [orc/+0 hand axe (5)]
  1756 | D:3      | HP: 3/33 [orc priest/nerve-wracking pain (4)]
  1760 | D:3      | HP: 1/33 [orc/+0 hand axe (2)]
  1762 | D:3      | Reached XP level 6. HP: 2/38 MP: 6/6
  1766 | D:3      | HP: 3/38 [ball python (1)]
  1903 | D:3      | 1903 ||| DROPPING +0 whip.
  1997 | D:3      | 1997 ||| Stepping ~*~*~tactically~*~*~ (stealth).
  2067 | D:3      | Found Dujudi's Magic Scroll Shoppe.
  2068 | D:3      | 2068 ||| Stepping ~*~*~tactically~*~*~ (stealth).
  2078 | D:3      | Found Inoi's Antique Armour Emporium.
  2081 | D:3      | 2081 ||| BUYING scroll of identify (22 gold).
  2081 | D:3      | Bought a scroll of identify for 22 gold pieces
  2081 | D:3      | 2081 ||| BUYING scroll of identify (22 gold).
  2081 | D:3      | Bought a scroll of identify for 22 gold pieces
  2081 | D:3      | 2081 ||| BUYING scroll of identify (22 gold).
  2081 | D:3      | Bought a scroll of identify for 22 gold pieces
  2081 | D:3      | 2081 ||| BUYING scroll of teleportation (33 gold).
  2081 | D:3      | Bought a scroll of teleportation for 33 gold pieces
  2175 | D:3      | 2175 ||| SHOPLISTING chain mail (99 gold, have 29).
  2175 | D:3      | 2175 ||| SHOPLISTING embroidered scarf (176 gold, have 29).
  2175 | D:3      | 2175 ||| SHOPLISTING fading troll leather armour (440 gold,
                  | have 29).
  2175 | D:3      | 2175 ||| SHOPLISTING glowing ring mail (154 gold, have 29).
  2175 | D:3      | 2175 ||| SHOPLISTING pair of embroidered boots (165 gold,
                  | have 29).
  2175 | D:3      | 2175 ||| SHOPLISTING pair of gloves (99 gold, have 29).
  2175 | D:3      | 2175 ||| SHOPLISTING pair of runed gloves (165 gold, have
                  | 29).
  2175 | D:3      | 2175 ||| SHOPLISTING steaming scale mail (198 gold, have
                  | 29).
  2266 | D:3      | 2266 ||| Stepping ~*~*~tactically~*~*~ (hiding).
  2268 | D:3      | 2268 ||| Stepping ~*~*~tactically~*~*~ (hiding).
  2276 | D:3      | 2276 ||| Stepping ~*~*~tactically~*~*~ (hiding).
  2280 | D:3      | 2280 ||| Stepping ~*~*~tactically~*~*~ (hiding).
  2284 | D:3      | Reached skill level 1 in Dodging
  2294 | D:3      | Found an iron altar of Okawaru.
  2295 | D:3      | 2295 ||| PLANNING OKAWARU WORSHIP
  2295 | D:3      | 2295 ||| DROPPING +6 ring of intelligence.
  2296 | D:3      | 2296 ||| READING scroll labelled QYTTEF ISAU.
  2297 | D:3      | 2297 ||| READING scroll labelled CEOVEDIGAH.
  2298 | D:3      | 2298 ||| READING 6 scrolls of identify.
  2298 | D:3      | 2298 ||| IDENTIFYING coppery potion
  2299 | D:3      | 2299 ||| READING 5 scrolls of identify.
  2299 | D:3      | 2299 ||| IDENTIFYING fizzy cyan potion
  2300 | D:3      | 2300 ||| DROPPING potion of invisibility.
  2308 | D:3      | Became a worshipper of Warmaster Okawaru
  2309 | D:3      | 2309 ||| PLANNING D:1-11
  2392 | D:3      | Found Ogiph's Armour Boutique.
  2401 | D:3      | 2401 ||| SHOPLISTING +0 chain mail (45 gold, have 29).
  2401 | D:3      | 2401 ||| SHOPLISTING +0 helmet (45 gold, have 29).
  2401 | D:3      | 2401 ||| SHOPLISTING +0 pair of gloves (45 gold, have 29).
  2517 | D:3      | 2517 ||| UPGRADING to +0 helmet.
  2541 | D:4      | Noticed a black bear
  2544 | D:4      | 2544 ||| STAIRDANCE
  2546 | D:3      | Killed a black bear
  2547 | D:3      | HP: 5/38 [ogre/+0 giant club (9)]
  2548 | D:3      | 2548 ||| READING scroll of teleportation.
  2549 | D:3      | Slain by an ogre

Levels and vault maps discovered:
D:1:      heliophobic_arrival_dark_side_of_the_moon, layout_basic,
          hellmonk_ecumenical_altar_run_dry, minmay_misc_feat_rugged
D:2:      layout_basic, basic_altar
D:3:      layout_loops_ring, okawaru_altar_gauntlet_db, serial_shops, shop,
          nicolae_shop_hallway_plus, shop, uniq_terence
D:4:      layout_rooms, minmay_temple_entry_nine_rooms, serial_shops, shop,
          hangedman_abyss_or_decor_passed

Skill      XL: |  1  2  3  4  5  6 |
---------------+-------------------+-----
Axes           | 2 3 4 5 |  5.6
Fighting       | 4 |  4.3
Dodging        | 1 |  1.0
Armour         | |  3.2
Shields        | |  3.2

Action                     |  1- 3 |  4- 6 || total
---------------------------+-------+-------++-------
  Melee: War axe           |   144 |   103 ||   247
    Use: Scroll            |     2 |     5 ||     7
 Armour: Scale mail        |    59 |    54 ||   113
  Dodge: Dodged            |    66 |    53 ||   119
  Block: Buckler           |    26 |    17 ||    43

Table legend:
 A = Non-vault XP
 B = Vault XP
 C = Vault XP percentage of total XP
 D = Non-vault monster count
 E = Vault monster count
 F = Vault count percentage of total count
                 A         B        C        D         E       F
            +---------+---------+-------+---------+---------+-------
      Total |     461 |      49 |   9.6 |      64 |       7 |   9.9
            +---------+---------+-------+---------+---------+-------
        D:1 |      37 |       0 |   0.0 |      23 |       0 |   0.0
        D:2 |      55 |       0 |   0.0 |      19 |       0 |   0.0
        D:3 |     369 |      49 |  11.7 |      22 |       7 |  24.1
            +---------+---------+-------+---------+---------+-------
